 Dungeon Crawl Stone Soup version 0.19-a0-787-gcef06a7 (webtiles) character file.

54588 Arkorax the Anointer (level 14, -8/113 HPs)
             Began as a Merfolk Skald on June 24, 2016.
             Was an Elder of Ashenzari.
             Mangled by a wolf spider simulacrum (21 damage)
             ... on level 15 of the Dungeon on June 26, 2016.
             The game lasted 00:33:15 (20898 turns).

Arkorax the Anointer (Merfolk Skald)               Turns: 20898, Time: 00:33:16

Health: -8/113     AC: 16    Str: 12      XL:     14   Next: 73%
Magic:  17/17      EV: 23    Int: 15 (18) God:    Ashenzari [****..]
Gold:   253        SH:  0    Dex: 19      Spells: 5 memorised, 6 levels left

rFire  + . .     SeeInvis +     Z - +4 glaive "Uschic Oveu" {chop, rN+ Stlth+} (curse)
rCold  . . .     Gourm    .     O - +5 ring mail of the Prince of Darkness {rF+} (curse)
rNeg   + + +     Faith    .     (shield currently unavailable)
rPois  .         Spirit   .     A - +0 helmet of the Quahog {rElec rN++ MR- rCorr} (curse)
rElec  +         Dismiss  +     l - +2 cloak {MR+} (curse)
rCorr  +         Reflect  .     i - +0 pair of gloves
SustAt .         Harm     .     k - +0 pair of boots
MR     +....     Clarity  +     F - amulet "Yconnet" {Dismiss Int+5 Dex+2}
Stlth  ++........               P - ring of resist corrosion
                                r - +1 ring of slaying

@: somewhat resistant to hostile enchantments, unstealthy
A: change form in water, swift swim
a: Curse Item, Scrying, Renounce Religion


You were on level 15 of the Dungeon.
You worshipped Ashenzari.
Ashenzari was greatly pleased with you.
You were not hungry.

You visited 3 branches of the dungeon, and saw 18 of its levels.
You visited 1 bazaar.

You collected 1340 gold pieces.
You spent 1087 gold pieces at shops.

Inventory:

Hand Weapons
 Z - the cursed +4 glaive "Uschic Oveu" (weapon) {chop, rN+ Stlth+}
   (You bought it in a shop on level 9 of the Dungeon)

   It inflicts extra damage upon your enemies.
   It protects you from negative energy.
   It makes you more stealthy.
   It has a curse placed upon it.
Missiles
 J - 4 throwing nets (quivered)
Armour
 i - a +0 pair of gloves (worn)
 k - a +0 pair of boots (worn)
 l - a cursed +2 cloak of magic resistance (worn)
 A - the cursed +0 helmet of the Quahog (worn) {rElec rN++ MR- rCorr}
   (You took it off Robin on level 4 of the Dungeon)

   It insulates you from electricity.
   It greatly protects you from negative energy.
   It affects your resistance to hostile enchantments.
   It protects you from acid and corrosion.
   It has a curse placed upon it.
 O - the cursed +5 ring mail of the Prince of Darkness (worn) {rF+}
   (You found it on level 6 of the Dungeon)

   It protects you from fire.
   It has a curse placed upon it.
Jewellery
 r - a +1 ring of slaying (left hand)
 F - the amulet "Yconnet" (around neck) {Dismiss Int+5 Dex+2}
   (You found it on level 4 of the Dungeon)

   [amulet of dismissal]

   It may teleport away creatures that harm you.
   It affects your intelligence (+5).
   It affects your dexterity (+2).
 P - a ring of resist corrosion (right hand)
 Q - an uncursed ring of ice
 R - a cursed -3 ring of protection
Wands
 a - a wand of slowing (20/48)
 s - a wand of polymorph (20/24)
 v - a wand of polymorph (13/24)
 C - a wand of heal wounds (1/9)
 K - a wand of enslavement (3/24)
 N - a wand of heal wounds (2/9)
 T - a wand of confusion (14/48)
 U - a wand of random effects (28/48)
 X - a wand of acid (9/15)
 Y - a wand of lightning (10/15)
Scrolls
 e - 2 scrolls of magic mapping
 f - 5 scrolls of enchant armour
 j - 7 scrolls of identify
 o - a scroll of immolation
 t - 4 scrolls of teleportation
 y - 3 scrolls of blinking
 B - 4 scrolls of fog
 D - a scroll of enchant weapon
 M - 5 scrolls of remove curse
Potions
 b - 2 potions of resistance
 g - 2 potions of curing
 m - 2 potions of mutation
 q - a potion of brilliance
 u - a potion of might
 w - 4 potions of agility
 z - a potion of haste
 G - 5 potions of lignification
 H - a potion of magic {unknown}
 V - a potion of berserk rage {unknown}
Books
 c - a book of Battle

   Spells                             Type                      Level
   a - Infusion                       Charms                       1
   b - Shroud of Golubria             Charms/Translocation         2
   c - Song of Slaying                Charms                       2
   d - Spectral Weapon                Hexes/Charms                 3
   e - Regeneration                   Charms/Necromancy            3
 p - a book of Summonings

   Spells                             Type                      Level
   a - Recall                         Summoning/Translocation      3
   b - Aura of Abjuration             Summoning                    5
   c - Summon Demon                   Summoning                    5
   d - Summon Forest                  Summoning/Translocation      5
   e - Summon Mana Viper              Hexes/Summoning              5
   f - Shadow Creatures               Summoning                    6
 I - a book of Minor Magic

   Spells                             Type                      Level
   a - Magic Dart                     Conjuration                  1
   b - Blink                          Translocation                2
   c - Call Imp                       Summoning                    2
   d - Repel Missiles                 Charms/Air                   2
   e - Slow                           Hexes                        2
   f - Conjure Flame                  Conjuration/Fire             3
   g - Mephitic Cloud                 Conjuration/Poison/Air       3
 S - a book of Spatial Translocations

   Spells                             Type                      Level
   a - Apportation                    Translocation                1
   b - Blink                          Translocation                2
   c - Shroud of Golubria             Charms/Translocation         2
   d - Portal Projectile              Translocation                3
   e - Teleport Other                 Translocation                3
   f - Passage of Golubria            Translocation                4
 W - the Catalogue of Intoxication and Transmutation
   (You found it on level 9 of the Dungeon)

   Spells                             Type                      Level
   a - Olgreb's Toxic Radiance        Poison                       4
   b - Irradiate                      Conjuration/Transmutation    5
   c - Alistair's Intoxication        Transmutation/Poison         5
   d - Statue Form                    Transmutation/Earth          6
Comestibles
 d - 4 bread rations
 h - 11 fruits
 n - 2 royal jellies
 x - 3 beef jerkies
 E - 7 slices of pizza
 L - 5 meat rations


   Skills:
 + Level 11.2 Fighting
 + Level 14.1(18.1) Polearms
 - Level 0.6(1.7) Armour
 + Level 15.0(16.9) Dodging
 - Level 2.0 Spellcasting
 - Level 7.8 Hexes
 * Level 16.0 Charms


You had 6 spell levels left.
You knew the following spells:

 Your Spells              Type           Power        Failure   Level  Hunger
a - Infusion              Chrm           ####         1%          1    #......
b - Song of Slaying       Chrm           #####...     1%          2    ###....
c - Spectral Weapon       Hex/Chrm       #####...     1%          3    ###....
d - Repel Missiles        Chrm/Air       ####..       2%          2    ###....
e - Regeneration          Chrm/Necr      ####......   6%          3    ###....


Dungeon Overview and Level Annotations

Branches:
Dungeon (15/15)            Temple (1/1) D:7            Lair (2/6) D:9
  Swamp (0/4) Lair:2          Orc (0/2) D:10         Vaults (0/5) D:13
 Depths (0/5) D:15
  Snake: Lair:2-4    Spider: Lair:2-4

Altars:
Ashenzari
Cheibriados
Dithmenos
Elyvilon
Fedhas
Gozag
Hepliaklqana
Kikubaaqudgha
Makhleb
Nemelex Xobeh
Okawaru
Pakellas
Qazlal
Ru
Sif Muna
Trog
Uskayaw
Vehumet
Xom
Yredelemnul
Zin
The Shining One

Shops:
D:4 *   D:6 =   D:9 ?(}}   D:11 }   D:14 }[


Message History

You are too injured to fight recklessly!
You are too injured to fight recklessly!
You are too injured to fight recklessly!
You are too injured to fight recklessly!
You are too injured to fight recklessly!
You are too injured to fight recklessly!
You are too injured to fight recklessly!
The white ugly thing closely misses you.
Things that are here:
an ugly thing corpse x2
The wolf spider simulacrum completely misses you.
The wolf spider simulacrum bites you but does no damage.
The white ugly thing bites you but does no damage.
You hit the wolf spider simulacrum.
The wolf spider simulacrum completely misses you.
The wolf spider simulacrum misses you.
You slash the wolf spider simulacrum! The wolf spider simulacrum hits you!
* * * LOW HITPOINT WARNING * * *
The wolf spider simulacrum freezes you!!
You die...

.................. ,, * * *,
#####.#####......# *,* # #.#
#......# * * *, # #.#
#......# .# * # #.# #......#
#.# ,### , # #.# #......#
#.# ... , # #.# #......# #.#
#.. ,,, #####.#
#......####.# #.#*
......#####.....@†....####.#
.
................Zu.........#
.
.......#####.....###.......#
#. .......# #.###.#
#.......# #. .......# #H#
#.# #...##..# #. .......#
#.# #.# #...##..#####.
.......# #.# #.#
#...##........ .......# #.#
#.# #...##...###..
.......#####.# #.#
#...##...# #..


You could see a white ugly thing and a wolf spider simulacrum.

Vanquished Creatures
  Rupert (D:14)
  Kirke (D:14)
  Nessos (D:14)
  A dire elephant (D:15)
  Snorg (D:11)
  Josephine (D:14)
  A hydra (Lair:1)
  A death knight (D:13)
  A tengu warrior (D:13)
  The ghost of AvylaarBelgium the Archer, a novice HEHu of Okawaru (D:11)
  2 wizards
  The ghost of Ylmarch the Magician, a novice VSWz of Ru (D:9)
  An obsidian statue (D:14)
  A wolf spider zombie (D:13)
  4 hill giants
  2 deep elf magi
  5 cyclopes
  A manticore (D:15)
  2 ugly things (D:15)
  Maurice (D:12)
  Psyche (D:8)
  4 gargoyles
  2 spiny frogs
  An efreet (D:14)
  3 komodo dragons
  3 meliai (D:13)
  2 tengu conjurers
  A queen bee (D:12)
  4 trolls
  A two-headed ogre (D:13)
  Sigmund (D:6)
  4 shadows
  3 wraiths (D:14)
  A vampire (D:12)
  4 wyverns
  A human (D:9)
  3 hogs
  43 yaks
  3 basilisks
  2 hippogriffs
  A water moccasin (Lair:1)
  4 porcupines (Lair:1)
  3 black bears
  6 orc warriors
  An ice beast (D:6)
  A sky beast (D:12)
  An eye of draining (D:13)
  2 necrophages
  A wasp (D:15)
  2 wolves (Lair:2)
  9 ogres
  3 phantoms
  13 centaurs
  2 crocodiles
  8 big kobolds
  Blork the orc (D:4)
  A gnoll sergeant (D:11)
  11 giant frogs
  6 scorpions
  23 killer bees
  3 wights (D:14)
  4 howler monkeys
  5 crimson imps
  5 centaur zombies
  A wasp zombie (D:10)
  A quasit (D:13)
  4 giant frog zombies
  6 orc priests
  5 centaur skeletons
  9 hounds
  9 jellies
  A gnoll shaman (D:5)
  14 orc wizards
  3 giant frog skeletons
  4 iguanas
  5 worker ants
  Natasha (thrice) (D:4)
  3 hell rats (D:9)
  14 sheep
  A hound zombie (D:7)
  Robin (D:4)
  A howler monkey zombie (D:7)
  3 worker ant zombies
  17 gnolls
  24 river rats
  11 adders
  2 oozes (D:5)
  2 worms
  A dart slug (D:1)
  5 giant geckos
  37 orcs
  6 giant cockroaches
  17 goblins
  6 hobgoblins
  18 jackals
  10 quokkas
  4 ball pythons
  A ball python skeleton (D:6)
  4 bats
  A giant gecko zombie (D:5)
  3 giant newts
  57 kobolds
  4 rats
551 creatures vanquished.

Vanquished Creatures (collateral kills)
  A fungus (Lair:1)
1 creature vanquished.

Vanquished Creatures (others)
  A yak (D:5)
  A human (D:14)
  A black bear (D:8)
  A phantom (D:8)
  A centaur (D:14)
  A wyvern zombie (D:14)
  A centaur zombie (D:8)
  A jelly (D:14)
  2 orc wizards (D:8)
  A gnoll (D:5)
  A kobold (D:8)
  A plant (D:8)
  12 spectral weapons
25 creatures vanquished.

Grand Total: 577 creatures vanquished

Notes
Turn   | Place    | Note
--------------------------------------------------------------
     0 | D:1      | Arkorax the Merfolk Skald began the quest for the Orb.
     0 | D:1      | Reached XP level 1. HP: 16/16 MP: 3/3
   244 | D:1      | Reached XP level 2. HP: 22/22 MP: 5/5
   821 | D:2      | Learned a level 2 spell: Song of Slaying
   885 | D:2      | Reached XP level 3. HP: 28/28 MP: 2/6
   952 | D:2      | Reached skill level 4 in Charms
  1427 | D:2      | Found a snail-covered altar of Cheibriados.
  1504 | D:2      | Reached XP level 4. HP: 34/34 MP: 1/7
  1560 | D:2      | Learned a level 3 spell: Spectral Weapon
  1725 | D:2      | Reached skill level 1 in Hexes
  2485 | D:3      | Noticed a big kobold
  2508 | D:3      | Killed a big kobold
  2508 | D:3      | Reached skill level 5 in Charms
  2508 | D:3      | Reached XP level 5. HP: 39/39 MP: 0/8
  2602 | D:3      | Noticed a big kobold
  2625 | D:3      | Killed a big kobold
  2625 | D:3      | Reached XP level 6. HP: 33/46 MP: 9/9
  3120 | D:3      | Reached skill level 6 in Charms
  3120 | D:3      | Reached XP level 7. HP: 25/51 MP: 10/10
  3809 | D:4      | Noticed Robin
  3839 | D:4      | Killed Robin
  3846 | D:4      | Got a dazzling helmet
  3852 | D:4      | Identified the cursed +0 helmet of the Quahog {rElec rN++ MR- rCorr} (You took it off Robin on level 4 of the Dungeon)
  4097 | D:4      | Found Xomued's Assorted Antiques.
  4104 | D:4      | Bought a scroll labeled YSHUXTUJER for 28 gold pieces
  4104 | D:4      | Bought a scroll labeled HITTOLA LITTASS for 28 gold pieces
  4104 | D:4      | Bought a scroll labeled KACHALU CIUC for 28 gold pieces
  4104 | D:4      | Bought a scroll labeled EJO JEIL MIBB for 28 gold pieces
  4104 | D:4      | Bought a scroll labeled YSHUXTUJER for 28 gold pieces
  4259 | D:4      | Noticed Natasha
  4269 | D:4      | Killed Natasha
  4269 | D:4      | Reached skill level 7 in Charms
  4287 | D:4      | Got a crude pewter amulet
  4304 | D:4      | Reached XP level 8. HP: 48/57 MP: 11/11
  4314 | D:4      | Reached skill level 5 in Dodging
  4447 | D:4      | Noticed Natasha
  4455 | D:4      | Killed Natasha
  4455 | D:4      | Reached skill level 5 in Hexes
  4467 | D:4      | Noticed Blork the orc
  4476 | D:4      | Killed Blork the orc
  4536 | D:4      | Noticed Natasha
  4545 | D:4      | Killed Natasha
  5509 | D:5      | Entered Level 5 of the Dungeon
  5555 | D:5      | Reached skill level 8 in Charms
  5594 | D:5      | Reached skill level 5 in Polearms
  5983 | D:5      | Got a glittering wooden ring
  6012 | D:5      | Identified the ring of Recklessness {*Tele Str+3 Int+4 Slay-5 Stlth+} (You found it on level 5 of the Dungeon)
  6014 | D:5      | Identified the amulet "Yconnet" {Dismiss Int+5 Dex+2} (You found it on level 4 of the Dungeon)
  6069 | D:5      | Noticed a yak
  6071 | D:5      | Noticed a yak
  6073 | D:5      | Noticed a yak
  6074 | D:5      | Noticed a yak
  6074 | D:5      | Banished a yak
  6074 | D:5      | Reached XP level 9. HP: 65/65 MP: 7/12
  6252 | D:5      | Reached skill level 9 in Charms
  6446 | D:5      | You fall through a shaft for 2 floors!
  6553 | D:7      | You fall through a shaft!
  6930 | D:8      | Found a snail-covered altar of Cheibriados.
  6951 | D:8      | Reached skill level 5 in Fighting
  7345 | D:7      | Found a staircase to the Ecumenical Temple.
  7383 | Temple   | Entered the Ecumenical Temple
  7494 | Temple   | Became a worshipper of Ru the Awakened
  8200 | D:6      | Got an ichor-stained ring mail
  8217 | D:6      | Identified the +5 ring mail of the Prince of Darkness {rF+} (You found it on level 6 of the Dungeon)
  8326 | D:6      | Reached skill level 10 in Charms
  8348 | D:6      | Reached XP level 10. HP: 63/76 MP: 13/13
  8545 | D:6      | Found Ephemiog's Jewellery Emporium.
  8548 | D:6      | Fell from the grace of Ru
  8618 | D:6      | Noticed a deep elf mage
  8634 | D:6      | Killed a deep elf mage
  8951 | D:6      | Noticed Sigmund
  8988 | D:6      | Killed Sigmund
  9433 | D:8      | Noticed Psyche
  9479 | D:8      | Killed Psyche
  9996 | D:8      | Reached skill level 11 in Charms
 10319 | D:9      | Identified the Catalogue of Intoxication and Transmutation
 10374 | D:9      | Found Lyhiq's Gadget Boutique.
 10471 | D:9      | Found a staircase to the Lair.
 10511 | D:9      | Found Tamac's Weapon Shoppe.
 10520 | D:9      | Bought the +4 glaive "Uschic Oveu" {chop, rN+ Stlth+} for 437 gold pieces
 10552 | D:9      | Found Finun's Magic Scroll Shoppe.
 10577 | D:9      | Reached XP level 11. HP: 82/82 MP: 10/14
 10670 | D:9      | Reached skill level 12 in Charms
 10919 | D:9      | Found Touret's Gadget Shoppe.
 11058 | D:10     | Entered Level 10 of the Dungeon
 11253 | D:10     | Got a warped cloak
 11264 | D:10     | Identified the +1 cloak "Qayxeb" {MR+} (You found it on level 10 of the Dungeon)
 11625 | D:10     | Reached skill level 10 in Polearms
 11638 | D:10     | Reached skill level 10 in Dodging
 11658 | D:11     | HP: 1/85 [orc warrior/war axe (8)]
 12154 | D:10     | Found a staircase to the Orcish Mines.
 12444 | Temple   | Became a worshipper of Ashenzari the Shackled
 12549 | D:9      | Noticed Ylmarch's ghost (novice VSWz)
 12554 | D:9      | Killed Ylmarch's ghost
 12558 | Lair:1   | Entered Level 1 of the Lair of Beasts
 12875 | Lair:1   | Identified the +5 short sword of Duty {pain, rC+ Str+6 Int+4 Stlth-}
 13013 | Lair:1   | Reached skill level 13 in Charms
 13344 | Lair:1   | Reached XP level 12. HP: 94/94 MP: 15/15
 13403 | Lair:1   | Reached * piety under Ashenzari
 13510 | Lair:1   | Reached XP level 13. HP: 79/99 MP: 16/16
 13732 | Lair:1   | HP: 4/99 [12-headed hydra (1)]
 14268 | Lair:2   | Found a staircase to the Swamp.
 15107 | D:11     | Noticed Snorg
 15118 | D:11     | Killed Snorg
 15184 | D:11     | Noticed AvylaarBelgium's ghost (novice HEHu)
 15205 | D:11     | Killed AvylaarBelgium's ghost
 15226 | D:11     | Found Xiysyl's Gadget Boutique.
 15403 | D:11     | Reached skill level 14 in Charms
 15997 | D:12     | Identified a scroll of acquirement
 16002 | D:12     | Learned a level 2 spell: Repel Missiles
 16006 | D:12     | Learned a level 3 spell: Regeneration
 16213 | D:12     | Noticed Maurice
 16219 | D:12     | Killed Maurice
 16232 | D:12     | Reached ** piety under Ashenzari
 17271 | D:13     | Reached skill level 10 in Fighting
 17451 | D:13     | HP: 5/103 [meliai/divine providence (13)]
 17899 | D:13     | Reached XP level 14. HP: 100/110 MP: 17/17
 17954 | D:13     | Reached skill level 15 in Charms
 18312 | D:13     | Upgraded the game from 0.19-a0-747-g9c36c40 to 0.19-a0-787-gcef06a7
 18321 | D:13     | Reached *** piety under Ashenzari
 18500 | D:13     | Found a gate to the Vaults.
 18595 | D:14     | Noticed Kirke
 18600 | D:14     | Killed Kirke
 18603 | D:14     | Found Yhiclom's Antique Armour Boutique.
 18617 | D:14     | Noticed Josephine
 18622 | D:14     | Killed Josephine
 18667 | D:14     | Noticed Rupert
 18678 | D:14     | Killed Rupert
 18824 | D:14     | Noticed Nessos
 18845 | D:14     | Killed Nessos
 19287 | D:14     | Found Qyuwe's Gadget Shoppe.
 19290 | D:14     | Bought a wand of heal wounds (1/9) for 510 gold pieces
 19494 | D:14     | Found a gateway to a bazaar.
 19564 | Bazaar   | Entered a bazaar
 19564 | Bazaar   | Found Pone's Antique Armour Shop.
 19574 | Bazaar   | Found Damok's Antique Weapon Emporium.
 19585 | Bazaar   | Found Zupuodop's Gadget Boutique.
 19593 | Bazaar   | Found Sutine's Magic Scroll Boutique.
 19604 | Bazaar   | Found Irhit's General Store.
 19732 | D:15     | Entered Level 15 of the Dungeon
 20096 | D:15     | Found a staircase to the Depths.
 20096 | D:15     | Reached **** piety under Ashenzari
 20096 | D:15     | Noticed an emperor scorpion
 20096 | D:15     | Noticed a dire elephant
 20803 | D:15     | Killed a dire elephant
 20803 | D:15     | Reached skill level 15 in Dodging
 20803 | D:15     | Reached skill level 16 in Charms
 20898 | D:15     | Mangled by a wolf spider simulacrum

Vault maps used:
D:1:      dpeg_arrival_round_a, minmay_misc_feat_plants
D:2:      lemuel_doored_altar, first_bread, grunt_decor_one_mirror
D:3:      minmay_goblin_kobold_castle
D:4:      serial_shops, nicolae_shop_overgrown_old_shop, uniq_robin,
          uniq_blork_the_orc, uniq_natasha
D:6:      serial_shops, shop, wad_floor_pattern_2, guppyfry_early_elven_hall,
          uniq_sigmund
D:7:      chequers_ossuary_entry_cave, lightli_corner_chamber
D:8:      kennysheep_kobold_camp, basic_altar, uniq_psyche
D:9:      dpeg_lair_monsters, serial_shops, shop_statue, kennysheep_little_box,
          shop, shop, grunt_livestock
D:10:     david_orc_4, serial_corexii_hall, corexii_hall_statues_deadend,
          corexii_hall_statues_l, corexii_hall_statues_i,
          corexii_hall_statues_i, corexii_hall_statues_l, corexii_hall_statues_i
D:11:     serial_shops, kennysheep_mini, minmay_misc_feat_tower,
          serial_bayou_pond_a, uniq_snorg
D:12:     nicolae_looking_at_the_future, uniq_maurice
D:13:     david_vaults_1
D:14:     serial_shops, statue_bzr, shop, shop, uniq_nessos, uniq_josephine,
          uniq_kirke, uniq_rupert
D:15:     hangedman_depths_entry_try_elsewhere_first, hangedman_decor_push,
          hangedman_decor_lopped
Temple:   kilobyte_greek_temple
Lair:1:   grunt_forest_small_clearings, beast_lair_carwin_11,
          infiniplex_staircase_pool_2, grunt_megastairs_3
Lair:2:   hangedman_what_comes_after_a, swamp_mist
Bazaar:   bazaar_lake

Skill      XL: |  1  2  3  4  5  6  7  8  9 10 11 12 13 14 |
---------------+-------------------------------------------+-----
Dodging        | 2 3 4 6 8 9 12 14 15 | 15.0
Charms         | 4 5 6 7 8 10 11 13 14 16 | 16.0
Hexes          | 2 3 4 5 7 |  7.8
Polearms       | 5 7 9 11 12 14 | 14.1
Fighting       | 4 5 7 8 10 11 | 11.2
Armour         | |  0.6
Spellcasting   | |  2.0

Action                   |  1- 3 |  4- 6 |  7- 9 | 10-12 | 13-15 || total
-------------------------+-------+-------+-------+-------+-------++-------
Melee: Spear             |   124 |   222 |   462 |       |       ||   808
       Tailslap          |       |     3 |       |       |       ||     3
       Trident           |       |       |    98 |    79 |       ||   177
       Halberd           |       |       |       |   221 |       ||   221
       Glaive            |       |       |       |   293 |   694 ||   987
Throw: Throwing net      |       |       |       |     1 |       ||     1
 Cast: Infusion          |     8 |     8 |     3 |     1 |     1 ||    21
       Song of Slaying   |       |     1 |     5 |     2 |     6 ||    14
       Spectral Weapon   |       |       |    22 |    17 |    20 ||    59
Invok: Renounce Religion |       |       |       |     1 |       ||     1
       Curse Item        |       |       |       |     4 |       ||     4
       Scrying           |       |       |       |       |     1 ||     1
Evoke: Wand              |       |       |       |       |     4 ||     4
  Use: Scroll            |       |       |     1 |    18 |     9 ||    28
       Potion            |       |       |       |     8 |     2 ||    10
 Stab: Sleeping          |     1 |       |     2 |     4 |    11 ||    18
       Distracted        |     1 |       |     4 |     7 |     2 ||    14
       Confused          |       |       |       |       |     1 ||     1
  Eat: Chunk             |     2 |     1 |     9 |     4 |     5 ||    21
       Bread ration      |       |     1 |     3 |     3 |     2 ||     9
       Meat ration       |       |       |       |     1 |     2 ||     3
       Beef jerky        |       |       |       |       |     3 ||     3
Armor: Leather armour    |    32 |   101 |   135 |       |       ||   268
       Ring mail         |       |       |     5 |   180 |   205 ||   390
Dodge: Dodged            |    67 |   176 |   327 |   413 |   753 ||  1736
